 Dungeon Crawl Stone Soup version 0.21-a0-516-gaaff437 (webtiles) character file.

147 Gerstahl the Twirler (level 5, -1/63 HPs)
             Began as a Demonspawn Gladiator on Dec 3, 2017.
             Slain by sagitran's ghost (6 damage)
             ... on level 3 of the Dungeon.
             The game lasted 00:02:22 (1768 turns).

Gerstahl the Twirler (Demonspawn Gladiator)         Turns: 1768, Time: 00:02:23

Health: -1/63      AC: 22    Str: 14    XL:     5   Next: 7%
Magic:  5/5        EV:  2    Int: 10    God:
Gold:   139        SH:  0    Dex: 15    Spells: 4/4 levels left

rFire    . . .     SeeInvis .   a - +0 quarterstaff
rCold    . . .     Gourm    .   (shield currently unavailable)
rNeg     + + +     Faith    .   (armour currently unavailable)
rPois    +         Spirit   .   (helmet currently unavailable)
rElec    .         Reflect  .   (cloak currently unavailable)
rCorr    .         Harm     .   (gloves currently unavailable)
MR       .....     NoTele   +   (boots currently unavailable)
Stlth    +.........             (no amulet)
HPRegen  0.20/turn              (no ring)
MPRegen  0.09/turn              (no ring)

@: tree-form (expiring)
A: no striking features
a: no special abilities


You were on level 3 of the Dungeon.
You were hungry.
You were a tree.
You visited 1 branch of the dungeon, and saw 3 of its levels.

You collected 139 gold pieces.

Inventory:

Hand Weapons
 a - a +0 quarterstaff (weapon)
Missiles
 d - 3 throwing nets (quivered)
Armour
 b - a +0 leather armour (melded)
 c - a +0 helmet (melded)
 n - a +0 pair of boots (melded)
Jewellery
 o - an uncursed ring of flight {unknown}
Scrolls
 e - 3 scrolls of remove curse {unknown}
 j - 2 scrolls of identify {unknown}
 k - a scroll of random uselessness {unknown}
 l - 2 scrolls of enchant armour {unknown}
 m - 2 scrolls of teleportation {unknown}
 p - a scroll of fog {unknown}
 q - a scroll of noise {unknown}
Potions
 h - 2 potions of might {unknown}
 i - a potion of lignification
Comestibles
 f - 3 bread rations
 g - 3 royal jellies


   Skills:
 + Level 4.0 Fighting
 + Level 4.2 Staves
 - Level 1.7 Throwing
 - Level 2.6 Dodging


You had 4 spell levels left.
You didn't know any spells.

Dungeon Overview and Level Annotations

Branches:
Dungeon (3/15)

Altars:

Annotations:
D:3 sagitran's ghost, amateur HOFi


Innate Abilities, Weirdness & Mutations

((You have sharp toenails.))
((Your flesh is cold resistant. (rC+)))
((You are mostly covered in sharp spines.))


Message History

* * * LOW HITPOINT WARNING * * *
You hit sagitran's ghost but do no damage.
Sagitran's ghost is severely damaged.
Sagitran's ghost hits you but does no damage.
You hit sagitran's ghost.
Sagitran's ghost is almost destroyed.
Sagitran's ghost hits you but does no damage.
You thump sagitran's ghost!
Sagitran's ghost is almost destroyed.
Sagitran's ghost hits you.
* * * LOW HITPOINT WARNING * * *
You barely miss sagitran's ghost.
Sagitran's ghost is almost destroyed.
Sagitran's ghost hits you but does no damage.
Sagitran's ghost hits you!
* * * LOW HITPOINT WARNING * * *
You closely miss sagitran's ghost.
Sagitran's ghost is almost destroyed.
Sagitran's ghost hits you.
You die...

#..# #..###### #.........
#>######## #.# #.# #.# ..
#.########### #.#
##.......W♣..# #.# .#
#######.#.########.# #.# .#
.......###.#######.##
##.##.### #####.##
##.....>...####.....(..
##.###.######............##
##.#.## #.............###
##.## #########........ #.#
########.###.### #.#
).........##.##


You could see sagitran's ghost.

Vanquished Creatures
  Terence (D:2)
  7 adders
  2 worms (D:2)
  2 dart slugs
  A leopard gecko (D:2)
  2 ball pythons (D:2)
  4 bats
  A giant cockroach (D:1)
  13 goblins
  3 hobgoblins
  3 jackals (D:3)
  3 kobolds
  A quokka (D:2)
  2 frilled lizards
  4 rats
49 creatures vanquished.

Notes
Turn   | Place    | Note
-------+----------+-------------------------------------------
     0 | D:1      | Gerstahl the Demonspawn Gladiator began the quest for the Orb.
     0 | D:1      | Reached XP level 1. HP: 16/16 MP: 1/1
   209 | D:1      | Gained mutation: You are partially covered in sharp spines. [demonic ancestry]
   209 | D:1      | Reached XP level 2. HP: 23/23 MP: 2/2
   599 | D:2      | Gained mutation: Your flesh is cold resistant. (rC+) [demonic ancestry]
   599 | D:2      | Reached XP level 3. HP: 22/28 MP: 3/3
   698 | D:2      | Noticed Terence
   711 | D:2      | Killed Terence
   711 | D:2      | Gained mutation: You are mostly covered in sharp spines. [demonic ancestry]
   711 | D:2      | Reached XP level 4. HP: 6/35 MP: 4/4
  1671 | D:3      | Gained mutation: You have sharp toenails. [demonic ancestry]
  1671 | D:3      | Reached XP level 5. HP: 40/42 MP: 5/5
  1725 | D:3      | Noticed sagitran's ghost (amateur HOFi)
  1768 | D:3      | Slain by sagitran's ghost

Vault maps used:
D:1:      dpeg_arrival_tiny_g
D:2:      first_bread, uniq_terence
D:3:      lemuel_doored_altar

Skill      XL: |  1  2  3  4  5 |
---------------+----------------+-----
Staves         | 3 4 |  4.2
Fighting       | 3 4 |  4.0
Throwing       | |  1.7
Dodging        | |  2.6

Action                   |  1- 3 |  4- 6 || total
-------------------------+-------+-------++-------
Melee: Quarterstaff      |    60 |    86 ||   146
  Use: Potion            |       |     2 ||     2
 Stab: Sleeping          |     1 |       ||     1
  Eat: Chunk             |       |     2 ||     2
Armor: Leather armour    |    15 |     7 ||    22
       Skin              |       |    64 ||    64
Dodge: Dodged            |    31 |    21 ||    52

Table legend:
 A = Spawn XP
 B = Non-spawn XP
 C = Spawn XP percentage of total XP
 D = Spawn monster count
 E = Non-spawn monster count
 F = Spawn count percentage of total count
 G = Total turns spent on level
                    A         B        C        D         E        F      G
               +---------+---------+-------+---------+---------+-------+---------
         Total |       0 |     210 |   0.0 |       0 |      49 |   0.0 |  1768
               +---------+---------+-------+---------+---------+-------+---------
           D:1 |       0 |      23 |   0.0 |       0 |      12 |   0.0 |   540
           D:2 |       0 |     158 |   0.0 |       0 |      27 |   0.0 |  1070
           D:3 |       0 |      29 |   0.0 |       0 |      10 |   0.0 |   158
               +---------+---------+-------+---------+---------+-------+---------
